 Dungeon Sprint DCSS version 0.21-a0-59-g7b0e191 (webtiles) character file.

723 Kidiri the Cudgeler (level 7, 0/76 HPs)
             Began as a Troll Fighter on June 16, 2017.
             Was an Elder of Wu Jian.
             Slain by a soul eater (2 damage)
             ... summoned by a guardian mummy's death curse
             ... in the Dungeon (Sprint VII: "The Pits").
             The game lasted 00:04:17 (485 turns).

Kidiri the Cudgeler (Troll Fighter)                  Turns: 485, Time: 00:04:17

Health: 0/76       AC:  5    Str: 27    XL:     7   Next: 43%
Magic:  6/6        EV: 12    Int:  4    God:    Wu Jian [****..]
Gold:   0          SH:  0    Dex:  9    Spells: 6/6 levels left

rFire    . . .     SeeInvis .   a - +2 flail (crush)
rCold    . . .     Gourm    +   (no shield)
rNeg     . . .     Faith    .   b - +0 robe
rPois    .         Spirit   .   (helmet restricted)
rElec    .         Reflect  .   (no cloak)
rCorr    .         Harm     .   (gloves unavailable)
MR       .....     NoTele   +   (boots unavailable)
Stlth    ++........             (no amulet)
HPRegen  0.62/turn              (no ring)
MPRegen  0.10/turn              (no ring)

@: exhausted, drained
A: unfitting armour, claws 3, fast metabolism 3, gourmand, regeneration 1,
shaggy fur 1, tough skin 2
a: Serpent's Lash, Renounce Religion


You were in the Dungeon.
You worshipped Wu Jian.
Wu Jian was greatly pleased with you.
You were full.

You visited 1 branch

Inventory:

Hand Weapons
 a - a +2 flail of crushing (weapon)
Armour
 b - a +0 robe (worn)
Scrolls
 k - a scroll of blinking
 m - 3 scrolls of remove curse
 n - 5 scrolls of amnesia
 o - a scroll of summoning
Potions
 d - a potion of might
 e - 6 potions of curing
 g - 4 potions of heal wounds
 h - a potion of haste
 i - 4 potions of magic
 j - 2 potions of berserk rage
 l - 2 potions of invisibility
Comestibles
 c - 6 chunks of flesh
 f - 9 bread rations
 p - 40 fruits
 q - 7 meat rations


   Skills:
 * Level 6.9(6.6) Fighting
 * Level 7.3(7.0) Maces & Flails
 + Level 4.2(3.9) Armour
 * Level 6.9(6.6) Dodging
 * Level 4.8(4.5) Stealth
   Level 2.4(2.1) Shields


You had 6 spell levels left.
You didn't know any spells.

Dungeon Overview and Level Annotations

Branches:
Dungeon (1/1)

Altars:
Ashenzari
Cheibriados
Dithmenos
Elyvilon
Fedhas
Gozag
Hepliaklqana
Kikubaaqudgha
Makhleb
Nemelex Xobeh
Okawaru
Qazlal
Ru
Sif Muna
Trog
Uskayaw
Vehumet
Wu Jian
Xom
Yredelemnul
Zin
The Shining One
Beogh
Jiyva
Lugonu


Innate Abilities, Weirdness & Mutations

You are too large for most types of armour.
You have claws for hands.
Your metabolism is lightning-fast.
You like to eat raw meat.
Your natural rate of healing is unusually fast.
You are covered in fur. (AC +1)
You have very tough skin. (AC +2)


Message History

Swooosh!
Unknown command.
You spin and attack the soul eater with incredible momentum.
You closely miss the soul eater.
ZOOOM!
Unknown command.
You feel much better. The soul eater hits you!!
* * * LOW HITPOINT WARNING * * *
Unknown command.
You spin and attack the soul eater.
You hit the soul eater but do no damage.
The soul eater misses you.
Unknown command.
You barely miss the soul eater.
The soul eater draws from the surrounding life force!
* * * LOW HITPOINT WARNING * * *
You hit the soul eater but do no damage.
The soul eater hits you.
* * * LOW HITPOINT WARNING * * *
You feel drained.
You die...

#.#........##......
#'###########......
#.......# #######
#..#.#..# #.##.##.#
#..%....#+#
#.##.##.#.+
#..#.#..#'#
#.@3....'.#
###########


You could see a soul eater.

Vanquished Creatures
  A guardian mummy (D)
  Grinder (D)
  A floating eye (D)
  A black bear (D)
  A centaur (D)
  A worker ant (D)
  A gnoll (D)
  An adder (D)
  A river rat (D)
  A leopard gecko (D)
  A giant cockroach (D)
  2 goblins (D)
  3 jackals (D)
  A quokka (D)
  A frilled lizard (D)
  A jackal skeleton (D)
19 creatures vanquished.

Notes
Turn   | Place    | Note
-------+----------+-------------------------------------------
     0 | D        | Kidiri the Troll Fighter began the quest for the Orb.
     0 | D        | Reached XP level 1. HP: 22/22 MP: 0/0
    27 | D        | Reached skill level 2 in Maces & Flails
    68 | D        | Found a bloodstained altar of Trog.
    68 | D        | Found a deep blue altar of Sif Muna.
    68 | D        | Found a viscous altar of Jiyva.
    68 | D        | Found a hazy altar of Hepliaklqana.
    68 | D        | Found an opulent altar of Gozag.
    69 | D        | Found a glowing golden altar of the Shining One.
    69 | D        | Found a glowing silver altar of Zin.
    69 | D        | Found a basalt altar of Yredelemnul.
    69 | D        | Found a shimmering altar of Xom.
    69 | D        | Found an ornate altar of the Wu Jian Council.
    69 | D        | Found a sacrificial altar of Ru.
    69 | D        | Found a stormy altar of Qazlal.
    69 | D        | Found an iron altar of Okawaru.
    69 | D        | Found a sparkling altar of Nemelex Xobeh.
    69 | D        | Found a burning altar of Makhleb.
    69 | D        | Found a blossoming altar of Fedhas.
    69 | D        | Found a white marble altar of Elyvilon.
    69 | D        | Found a shadowy altar of Dithmenos.
    69 | D        | Found a snail-covered altar of Cheibriados.
    71 | D        | Found a radiant altar of Vehumet.
    71 | D        | Found a corrupted altar of Lugonu.
    71 | D        | Found a roughly hewn altar of Beogh.
    72 | D        | Found a hide-covered altar of Uskayaw.
    72 | D        | Found an ancient bone altar of Kikubaaqudgha.
    72 | D        | Found a shattered altar of Ashenzari.
    80 | D        | Became a worshipper of the Wu Jian Council
   104 | D        | Reached skill level 1 in Stealth
   104 | D        | Reached XP level 2. HP: 31/31 MP: 1/1
   118 | D        | Noticed a floating eye
   120 | D        | Paralysed by a floating eye for 4 turns
   129 | D        | Killed a floating eye
   129 | D        | Reached * piety under Wu Jian
   129 | D        | Reached skill level 4 in Maces & Flails
   129 | D        | Reached XP level 3. HP: 40/40 MP: 2/2
   129 | D        | Reached XP level 4. HP: 49/49 MP: 3/3
   188 | D        | Noticed a centaur
   215 | D        | Reached ** piety under Wu Jian
   215 | D        | Reached XP level 5. HP: 51/55 MP: 4/4
   235 | D        | Killed a centaur
   235 | D        | Reached skill level 5 in Fighting
   235 | D        | Reached skill level 5 in Maces & Flails
   235 | D        | Reached skill level 5 in Dodging
   302 | D        | Noticed Grinder
   323 | D        | Paralysed by Grinder for 4 turns
   339 | D        | Paralysed by Grinder for 4 turns
   361 | D        | Killed Grinder
   361 | D        | Reached *** piety under Wu Jian
   361 | D        | Reached skill level 6 in Maces & Flails
   361 | D        | Reached XP level 6. HP: 32/67 MP: 5/5
   434 | D        | Reached **** piety under Wu Jian
   434 | D        | Reached XP level 7. HP: 75/76 MP: 6/6
   458 | D        | Noticed a guardian mummy
   477 | D        | Killed a guardian mummy
   477 | D        | Reached skill level 7 in Maces & Flails
   477 | D        | Noticed a soul eater
   485 | D        | HP: 2/76 [soul eater[a guardian mummy's death curse] (6)]
   485 | D        | Slain by a soul eater

Vault maps used:
D:        pitsprint

Skill      XL: |  1  2  3  4  5  6  7 |
---------------+----------------------+-----
Maces & Flails | 2 4 6 7 |  7.3
Fighting       | 3 4 6 |  6.9
Stealth        | 1 2 4 |  4.8
Dodging        | 4 6 |  6.9
Armour         | 2 3 4 |  4.2
Shields        | |  2.4

Action                   |  1- 3 |  4- 6 |  7- 9 || total
-------------------------+-------+-------+-------++-------
Melee: Flail             |    10 |    25 |    16 ||    51
       Mace              |    15 |    12 |       ||    27
Invok: Serpent's Lash    |       |       |     1 ||     1
  Use: Potion            |       |     1 |     2 ||     3
 Stab: Sleeping          |       |     1 |       ||     1
  Eat: Chunk             |       |     6 |       ||     6
Armor: Robe              |     7 |    10 |       ||    17
Dodge: Dodged            |    17 |    15 |     3 ||    35
